 Dungeon Crawl Stone Soup version 0.25-a0-424-g80bd347ae0 (webtiles) character file.

Game seed: 9203291076436453551, levelgen mode: deterministic

37 DerDa the Skirmisher (level 3, 0/20 HPs)
             Began as a Vine Stalker Fighter on Jan 22, 2020.
             Succumbed to an adder's poison
             ... on level 2 of the Dungeon.
             The game lasted 00:02:20 (1048 turns).

DerDa the Skirmisher (Vine Stalker Fighter)         Turns: 1048, Time: 00:02:21

Health: 0/20       AC:  7    Str: 21 (23) XL:     3   Next: 41%
Magic:  4/4        EV:  7    Int:  5 (8)  God:
Gold:   117        SH:  0    Dex: 13 (14) Spells: 2/2 levels left

rFire    . . .     SeeInvis .   a - +0 long sword
rCold    . . .     Gourm    .   c - +0 shield
rNeg     . . .     Faith    .   b - +0 scale mail
rPois    .         Spirit   +   (no helmet)
rElec    .         Reflect  .   (no cloak)
rCorr    .         Harm     .   (no gloves)
MR       .....                  k - +0 pair of boots (curse)
Stlth    ..........             q - amulet of inaccuracy (curse)
HPRegen  0.06/turn              (no ring)
MPRegen  0.09/turn              (no ring)

@: confused, mighty, lethally poisoned (0 -> -6)
A: fangs 2, magic shield, antimagic bite, no potion heal 3, rot immunity
a: no special abilities


You were on level 2 of the Dungeon.
You were hungry.

You visited 1 branch of the dungeon, and saw 2 of its levels.

You collected 117 gold pieces.

Inventory:

Hand Weapons
 a - a +0 long sword (weapon)
Missiles
 h - 28 sling bullets
 p - 49 bolts
Armour
 b - a +0 scale mail (worn)
 c - a +0 shield (worn)
 k - a cursed +0 pair of boots (worn)
Jewellery
 q - a cursed amulet of inaccuracy (around neck)
Scrolls
 e - a scroll of remove curse {unknown}
 i - a scroll of enchant weapon {unknown}
 l - 3 scrolls of identify {unknown}
 o - a scroll of teleportation {unknown}
Potions
 n - a potion of degeneration
 r - a potion of agility {unknown}
 s - a potion of magic {unknown}
Comestibles
 f - 3 rations
 g - 2 chunks of flesh


   Skills:
 * Level 3.4 Fighting
 - Level 1.7 Long Blades
 - Level 2.4 Armour
 + Level 1.0 Dodging
 + Level 3.0 Shields


You had 2 spell levels left.
You didn't know any spells.
Your spell library was empty.

Dungeon Overview and Level Annotations

Branches:
Dungeon (2/15)

Altars:


Innate Abilities, Weirdness & Mutations

You have extremely sharp teeth.
When hurt, damage is shared between your health and your magic reserves.
Your bite disrupts and absorbs the magic of your enemies.
Potions cannot restore your health.
You are immune to rotting.


Message History

* * * LOW HITPOINT WARNING * * *
You are lethally poisoned!
The adder poisons you! You block the adder's attack.
You miss the adder. Your bite misses the adder.
The adder is moderately wounded.
* * * LOW HITPOINT WARNING * * *
You feel sick. The adder bites you but does no damage.
It was a potion of degeneration.
There was something very wrong with that liquid.
You feel weakened.
You feel dopey.
You feel clumsy.
* * * LOW HITPOINT WARNING * * *
You feel sick. You block the adder's attack. x2
It was a potion of ambrosia.
You are confused.
Your system rejects the healing.
You feel invigorated. The adder barely misses you.
You bump into the rock wall.
The adder bites you but does no damage.
You barely miss the adder.
The adder is lightly wounded.
You die...

#........... #.#
#######.###. #.#
#<.......... #.#
#.#######..##. ...
.............. #.#
#.#.#.####.##. #w#
#.#.# #.##. #S# #.#.#
#..#. #@# #.#.# ##.#<
#.###.#.# #...
#.......# # ##..
########'###.# #..
#............# ##.
########.(..........#
#.
#...................#
#.
#...................#
#^
#..........)........#
#.


You could see an adder and a dart slug.

Vanquished Creatures
  An adder (D:2)
  A worm (D:2)
  A dart slug (D:2)
  4 bats
  3 giant cockroaches
  2 hobgoblins (D:1)
  2 kobolds
  2 frilled lizards
  3 goblins
  5 rats
24 creatures vanquished.

Notes
Turn   | Place    | Note
-------+----------+-------------------------------------------
     0 | D:1      | DerDa the Vine Stalker Fighter began the quest for the Orb.
     0 | D:1      | Reached XP level 1. HP: 11/11 MP: 2/2
   371 | D:1      | Reached XP level 2. HP: 16/16 MP: 3/3
   939 | D:2      | Reached XP level 3. HP: 13/20 MP: 4/4
   988 | D:2      | Reached skill level 1 in Dodging
  1045 | D:2      | HP: 1/20 [poisoned by an adder]
  1048 | D:2      | Succumbed to an adder's poison

Levels and vault maps discovered:
D:1:      dpeg_arrival_fog, layout_basic, minmay_tetromino_t2
D:2:      layout_basic, chequers_temple_overflow_minitemple

Skill      XL: |  1  2  3 |
---------------+----------+-----
Fighting       | 3 |  3.4
Shields        | 3 |  3.0
Dodging        | 1 |  1.0
Long Blades    | |  1.7
Armour         | |  2.4

Action                   || total
-------------------------++-------
Melee: Long sword        ||    77
       Bite              ||    18
  Use: Potion            ||     4
Armor: Scale mail        ||    31
Dodge: Dodged            ||    21
Block: Shield            ||    51
       Rpst.: Long sword ||     9

Table legend:
 A = Non-vault XP
 B = Vault XP
 C = Vault XP percentage of total XP
 D = Non-vault monster count
 E = Vault monster count
 F = Vault count percentage of total count
                 A         B        C        D         E       F
            +---------+---------+-------+---------+---------+-------
      Total |      50 |       4 |   7.4 |      22 |       2 |   8.3
            +---------+---------+-------+---------+---------+-------
        D:1 |      16 |       4 |  20.0 |      12 |       2 |  14.3
        D:2 |      34 |       0 |   0.0 |      10 |       0 |   0.0
            +---------+---------+-------+---------+---------+-------
